AoeStats
← Blue

Oasis

509074260Analyzed
4v4 RM · 7d ago on Sep 25, 2026· 107m 38s· 8 players
Game mode
Random Map
Map size
Large (8 player)
Population
200
Speed
Normal
Resources
Standard
Victory
Conquest
Starting age
Dark Age
Ending age
Imperial Age
RankedLock teamsTeams togetherTeam positionsShared explorationLock speedFull tech treeHidden civsTurbo modeCheats
Victory
Defeat
🇦🇺 Maya · Australia
1551
+14
🇦🇺 Saracens · Australia
1532
+15
🇦🇺 Goths · Australia
1459
+18
🇦🇺 Romans · Australia
1427
+20
🇹🇼 Byzantines · Taiwan
1542
-18
🇰🇷 Chinese · South Korea
1531
-18
🇦🇺 Britons · Australia
1484
-16
🇨🇳 Georgians · China
1460
-15
Jhih
6:50 Loom
10:13 Feudal Age
10:56 Double-Bit Axe
12:12 Forging
12:42 Horse Collar
16:28 Scale Barding Armor
18:55 Wheelbarrow
21:44 Castle Age
22:58 Bow Saw
22:57 Heavy Plow
23:32 Gold Mining
23:41 Stone Mining
29:14 Hand Cart
29:41 Gold Shaft Mining
30:42 Stone Shaft Mining
34:54 Imperial Age
32:52 Chain Barding Armor
33:07 Iron Casting
32:34 Husbandry
32:19 Treadmill Crane
34:57 Ballistics
36:04 Conscription
35:56 Logistica
35:06 Elite Cataphract
36:25 Plate Barding Armor
36:48 Capped Ram
40:25 Siege Ram
46:39 Caravan
47:31 Pikeman
50:21 Chemistry
51:12 Fletching
56:11 Bodkin Arrow
57:35 Murder Holes
59:57 Scale Mail Armor
59:18 Halberdier
59:59 Squires
59:45 Arson
60:22 Gambesons
60:53 Chain Mail Armor
63:40 Bracer
63:40 Padded Archer Armor
78:45 Plate Mail Armor
NØRTHLANE
6:16 Loom
10:38 Feudal Age
12:55 Double-Bit Axe
15:44 Fletching
22:18 Castle Age
20:40 Horse Collar
20:50 Gold Mining
21:46 Padded Archer Armor
22:24 Crossbowman
23:14 Bow Saw
23:06 Bodkin Arrow
24:46 Wheelbarrow
24:16 Heavy Plow
26:30 Wheelbarrow
28:14 Town Watch
28:58 Hand Cart
33:51 Imperial Age
32:08 Leather Archer Armor
32:15 Ballistics
32:01 Stone Mining
32:46 Gold Shaft Mining
36:02 Chemistry
35:03 Bracer
35:30 Murder Holes
35:40 Arrowslits
39:23 Arbalester
41:30 Conscription
42:34 Siege Engineers
42:41 Caravan
43:39 Ring Archer Armor
45:00 Two-Man Saw
45:15 Masonry
47:24 Warwolf
49:43 Scale Mail Armor
49:54 Forging
50:32 Architecture
51:42 Elite Longbowman
52:03 Pikeman
52:43 Squires
52:28 Gambesons
54:46 Yeomen
57:20 Town Patrol
57:37 Chain Mail Armor
57:58 Iron Casting
57:35 Fortified Wall
61:45 Arson
61:20 Man-at-Arms
62:32 Plate Mail Armor
63:02 Blast Furnace
63:36 Long Swordsman
63:38 Halberdier
66:46 Guard Tower
67:16 Two-Handed Swordsman
68:10 Champion
76:27 Hoardings
78:46 Husbandry
78:06 Cavalier
81:18 Scale Barding Armor
82:19 Chain Barding Armor
84:08 Plate Barding Armor
85:23 Cranequins
85:23 Heavy Mounted Crossbowman
95:24 Light Cavalry
106:18 Elite Skirmisher
拉拉机
6:34 Loom
9:05 Feudal Age
12:12 Wheelbarrow
13:20 Double-Bit Axe
19:59 Horse Collar
21:13 Fletching
21:24 Padded Archer Armor
25:37 Castle Age
24:28 Gold Mining
24:30 Stone Mining
25:41 Crossbowman
26:22 Bodkin Arrow
26:56 Bow Saw
27:11 Town Watch
28:26 Ballistics
29:02 Leather Archer Armor
32:56 Masonry
33:25 Hand Cart
36:27 Imperial Age
37:34 Svan Towers
37:50 Bracer
39:06 Elite Skirmisher
40:11 Forging
40:01 Scale Mail Armor
40:30 Man-at-Arms
40:56 Gambesons
41:11 Squires
43:16 Chain Mail Armor
43:36 Town Patrol
43:07 Long Swordsman
44:29 Treadmill Crane
44:23 Two-Handed Swordsman
46:18 Plate Mail Armor
46:24 Iron Casting
46:30 Guard Tower
47:41 Chemistry
46:27 Arrowslits
48:03 Champion
49:16 Caravan
50:56 Blast Furnace
50:40 Heavy Plow
51:37 Keep
53:00 Guilds
56:10 Stone Shaft Mining
58:06 Architecture
58:25 Pikeman
59:00 Light Cavalry
59:41 Husbandry
60:04 Conscription
59:51 Aznauri Cavalry
60:26 Hoardings
61:20 Halberdier
65:11 Crop Rotation
64:54 Bloodlines
67:44 Arson
67:57 Hussar
69:14 Scale Barding Armor
71:27 Chain Barding Armor
74:29 Siege Engineers
74:55 Onager
77:01 Capped Ram
77:55 Elite Monaspa
82:52 Siege Ram
84:33 Plate Barding Armor
85:35 Coinage
104:18 Banking
106:32 Siege Onager
wnstjdrkd
0:34 Loom
12:06 Feudal Age
16:28 Castle Age
15:06 Double-Bit Axe
15:02 Horse Collar
15:58 Gold Mining
15:59 Stone Mining
17:51 Wheelbarrow
18:09 Bow Saw
22:16 Heavy Plow
25:08 Scale Barding Armor
26:33 Bloodlines
33:11 Imperial Age
31:14 Forging
31:41 Gold Shaft Mining
31:47 Husbandry
32:21 Hand Cart
32:56 Chain Barding Armor
33:43 Iron Casting
33:13 Cavalier
35:54 Plate Barding Armor
37:57 Two-Man Saw
36:40 Light Cavalry
39:30 Blast Furnace
39:39 Scale Mail Armor
39:21 Capped Ram
40:00 Town Watch
40:14 Siege Ram
41:43 Caravan
42:13 Coinage
45:53 Banking
47:24 Fletching
53:38 Sappers
54:31 Conscription
55:20 Heavy Scorpion
61:14 Chain Mail Armor
66:07 Man-at-Arms
67:06 Squires
68:45 Arson
69:04 Pikeman
71:48 Plate Mail Armor
70:50 Halberdier
72:21 Padded Archer Armor
73:08 Long Swordsman
73:45 Two-Handed Swordsman
74:23 Champion
TDI
3:28 Loom
9:04 Feudal Age
10:29 Town Watch
15:00 Fletching
15:24 Padded Archer Armor
16:16 Fletching
18:20 Double-Bit Axe
22:04 Castle Age
20:12 Horse Collar
22:35 Elite Skirmisher
23:11 Bodkin Arrow
23:38 Bow Saw
24:36 Leather Archer Armor
29:52 Wheelbarrow
33:05 Hand Cart
34:44 Heavy Plow
38:11 Imperial Age
36:10 Scale Barding Armor
37:09 Bloodlines
36:59 Husbandry
38:21 Chain Barding Armor
38:11 Forging
38:48 Bimaristan
38:20 Heavy Camel Rider
39:36 Gold Mining
40:38 Plate Barding Armor
41:46 Gold Shaft Mining
43:23 Coinage
43:57 Conscription
44:33 Iron Casting
44:26 Bracer
44:07 Crossbowman
44:53 Thumb Ring
45:19 Ring Archer Armor
46:02 Chemistry
45:31 Stone Mining
47:08 Blast Furnace
47:25 Ballistics
47:17 Fortified Wall
47:18 Masonry
46:35 Arbalester
49:44 Hoardings
51:23 Elite Mameluke
57:46 Caravan
58:36 Onager
59:29 Counterweights
61:08 Siege Engineers
60:48 Siege Onager
64:06 Light Cavalry
64:38 Capped Ram
66:12 Hussar
84:48 Banking
96:24 Siege Ram
Blue
10:16 Feudal Age
8:35 Loom
8:37 Loom
10:23 Feudal Age
15:32 Castle Age
13:51 Double-Bit Axe
15:40 Horse Collar
16:51 Bow Saw
17:38 Scale Mail Armor
17:43 Heavy Plow
22:36 Wheelbarrow
24:46 Gold Mining
26:14 Hand Cart
29:41 Imperial Age
27:53 Stone Mining
29:12 Chain Mail Armor
28:22 Pikeman
29:38 Forging
30:20 Anarchy
31:38 Chemistry
31:43 Caravan
33:04 Two-Man Saw
32:35 Crop Rotation
33:12 Iron Casting
32:55 Squires
33:56 Conscription
35:59 Blast Furnace
36:22 Elite Huskarl
38:14 Perfusion
39:39 Halberdier
42:57 Ballistics
42:28 Fletching
43:55 Masonry
47:00 Coinage
46:19 Town Watch
48:08 Capped Ram
50:21 Bodkin Arrow
50:58 Architecture
65:08 Banking
66:35 Bracer
76:24 Capped Ram
78:12 Man-at-Arms
78:50 Long Swordsman
79:06 Two-Handed Swordsman
80:14 Champion
Top Geary
0:35 Loom
11:05 Feudal Age
14:59 Castle Age
12:50 Double-Bit Axe
13:15 Horse Collar
17:36 Bow Saw
20:49 Wheelbarrow
20:58 Gold Mining
22:19 Fletching
26:40 Heavy Plow
29:36 Imperial Age
27:27 Scale Mail Armor
28:18 Squires
28:04 Arson
28:28 Eagle Warrior
30:29 Chain Mail Armor
30:24 Forging
30:41 Conscription
31:41 Plate Mail Armor
30:44 Elite Eagle Warrior
32:39 Plate Mail Armor
36:06 Holcans
35:31 Pikeman
36:06 Halberdier
37:10 Caravan
37:57 Iron Casting
44:12 Blast Furnace
50:17 Guilds
50:39 Coinage
52:16 Masonry
53:41 Architecture
53:56 Hoardings
59:30 Banking
74:22 Bodkin Arrow
92:23 Bracer
92:06 Elite Plumed Archer
93:11 Ballistics
93:53 Chemistry
92:55 Padded Archer Armor
Fakedos
9:29 Loom
12:13 Feudal Age
13:08 Double-Bit Axe
23:47 Castle Age
21:56 Horse Collar
22:07 Gold Mining
23:52 Wheelbarrow
24:00 Town Watch
24:45 Bow Saw
24:19 Crossbowman
26:29 Fletching
28:12 Ballistics
28:39 Bodkin Arrow
30:28 Masonry
32:56 Scale Barding Armor
35:58 Imperial Age
33:53 Heavy Plow
34:43 Chain Barding Armor
36:49 Elite Centurion
37:50 Conscription
38:06 Plate Barding Armor
38:39 Forging
39:35 Caravan
42:08 Iron Casting
42:34 Bloodlines
42:53 Heavy Scorpion
50:36 Husbandry
50:42 Cavalier
55:22 Shipwright
56:23 Blast Furnace
56:24 Siege Engineers
56:19 Onager
65:27 Chemistry
64:54 Light Cavalry
65:23 Capped Ram
69:47 Siege Ram
79:27 Fortified Wall
80:42 Architecture
97:11 Crop Rotation
97:09 Block Printing
97:13 Redemption
Connection lost

Rejoining the realm…

Still unreachable

The connection could not be restored.

Session expired

The server has moved on; the page needs a fresh start.